Golden Knights vs Kings
Created - December 24, 2023 at 10:35
Goals
|
| Golden Knights |
2 |
2 |
1 |
5 |
| Kings |
1 |
0 |
0 |
1 |
|
Shots
|
| Golden Knights |
14 |
7 |
14 |
35 |
| Kings |
12 |
17 |
4 |
33 |
|
1st period
1. Golden Knights , Cal Clutterbuck 11 (Andrei Loktionov 13, Mathew Dumba 14) at 8:46 (PP)
2. Kings , Auston Matthews 8 (Nino Niederreiter 11) at 13:44
3. Golden Knights , Andrew Cogliano 4 (JT Compher 4, Andrei Loktionov 14) at 14:22
Penalties :
Kevin Shattenkirk (L.A) for Hooking (Minor) at 7:01, Joe Pavelski (L.A) for Tripping (Minor) at 15:18
2nd period
4. Golden Knights , Steven Stamkos 20 (Brendan Gallagher 18, Zach Bogosian 18) at 3:35 (PP)
5. Golden Knights , Zach Bogosian 6 (Steven Stamkos 21) at 9:56 (PP)
Penalties :
Matthew Tkachuk (L.A) for Hooking (Minor) at 3:17, Brendan Gallagher (Veg) for High sticking (Minor) at 5:11, Andrew Cogliano (Veg) for Roughing (Minor) at 7:44, Kevin Shattenkirk (L.A) for Roughing (Minor) at 9:55, Ryan Getzlaf (L.A) for Interference (Minor) at 11:53
3rd period
6. Golden Knights , Andrei Loktionov 10 (Jamie Benn 13, Cal Clutterbuck 8) at 12:27
Penalties :
Andrew Cogliano (Veg) for Interference (Minor) at 3:50, Nikita Kucherov (L.A) for Roughing (Minor) at 7:07, Jared Cowen (L.A) for Tripping (Minor) at 0:00
Goalie Stats
Laurent Brossoit (Veg), 32 saves from 33 shots - (0.970), W, 3-3-0, 60:00 minutes
Ilya Samsonov (L.A), 14 saves from 18 shots - (0.778), L, 3-7-1, 29:56 minutes
Tyler Weiman (L.A), 16 saves from 17 shots - (0.941), 30:04 minutes
Players Stats for Golden Knights
Player Name G A P +/- PIM S H SB GA TA FO MP PP MP PK MP
------------------------------------------------------------------------------------
Andrei Loktionov 1 2 3 1 0 3 2 0 1 0 4/10 17:56 3:36 2:14
Andrew Cogliano 1 0 1 1 4 4 2 1 0 0 0/1 15:29 4:30 0:59
Anton Lindholm 0 0 0 0 0 1 1 0 0 0 0/0 11:38 0:00 0:00
Brendan Gallagher 0 1 1 0 2 4 1 0 1 1 0/0 19:35 4:30 0:00
Cal Clutterbuck 1 1 2 1 0 4 1 1 0 2 0/0 15:36 3:30 0:00
Cedric Paquette 0 0 0 1 0 0 1 1 0 0 2/4 11:17 0:18 0:27
Christopher Tanev 0 0 0 0 0 1 1 1 0 1 0/0 11:38 0:00 0:00
Gabriel Bourque 0 0 0 -1 0 1 0 0 0 0 0/0 11:42 0:01 2:55
Jamie Benn 0 1 1 1 0 2 2 0 1 0 1/1 17:27 3:30 1:51
Jamie Oleksiak 0 0 0 2 0 0 1 1 1 0 0/0 20:46 2:55 2:10
Jonathan Marchessault 0 0 0 -1 0 0 0 1 0 0 0/3 8:00 0:00 0:00
JT Compher 0 1 1 1 0 2 2 0 1 1 0/0 10:51 0:01 0:00
Luke Glendening 0 0 0 -1 0 0 0 1 0 0 0/0 8:00 0:00 0:00
Mathew Dumba 0 1 1 -1 0 0 4 0 1 1 0/0 27:36 5:06 3:47
Olli Maatta 0 0 0 2 0 1 1 2 0 0 0/0 20:46 2:55 2:10
Roope Hintz 0 0 0 0 0 0 0 0 0 0 0/1 15:20 0:00 0:12
Steven Stamkos 1 1 2 0 0 9 0 2 0 0 18/32 22:47 4:07 3:16
Zach Bogosian 1 1 2 -1 0 3 2 1 0 0 0/0 27:36 5:06 3:47
Players Stats for Kings
Player Name G A P +/- PIM S H SB GA TA FO MP PP MP PK MP
------------------------------------------------------------------------------------
Aaron Ekblad 0 0 0 0 0 3 3 1 0 0 0/0 20:10 0:00 3:22
Adam Fox 0 0 0 0 0 3 1 0 0 1 0/0 19:38 3:32 0:55
Auston Matthews 1 0 1 0 0 3 4 0 0 0 7/16 17:10 3:21 0:00
Brayden Schenn 0 0 0 0 0 3 3 0 1 0 9/16 18:47 2:36 2:00
Jared Cowen 0 0 0 0 2 0 0 3 0 1 0/0 19:14 0:00 4:26
Joe Pavelski 0 0 0 -1 2 0 2 1 0 1 4/9 14:47 0:00 3:42
Kevin Shattenkirk 0 0 0 0 4 0 2 1 2 0 0/0 22:54 2:25 2:40
Marc Staal 0 0 0 -1 0 3 1 0 1 0 0/0 16:51 0:00 4:39
Matt Martin 0 0 0 0 0 0 1 0 0 0 0/0 11:32 0:00 4:28
Matthew Tkachuk 0 0 0 0 2 3 1 0 0 0 0/2 16:17 2:36 0:00
Mitch Marner 0 0 0 0 0 1 0 0 0 0 0/0 17:27 3:21 0:00
Nikita Kucherov 0 0 0 0 2 4 2 0 0 0 0/0 17:30 3:21 0:00
Nino Niederreiter 0 1 1 0 0 2 3 1 1 1 1/2 19:04 2:25 1:02
Pavel Zacha 0 0 0 -1 0 2 2 0 0 0 0/0 13:33 2:36 0:00
Pierre-Edouard Bellemare 0 0 0 -1 0 1 1 0 0 1 4/5 13:02 0:00 2:04
Quinn Hughes 0 0 0 -1 0 2 0 1 0 1 0/0 16:55 3:32 0:00
Ryan Getzlaf 0 0 0 0 2 2 1 0 1 0 2/2 7:53 0:00 0:42
Zac Rinaldo 0 0 0 0 0 1 0 0 0 0 0/0 9:09 0:00 2:04
3 Stars
1 - Andrei Loktionov (Veg)
2 - Laurent Brossoit (Veg)
3 - Cal Clutterbuck (Veg)
Power Play
Golden Knights - 3 on 7 Attempt(s) - 42.86%
Kings - 0 on 3 Attempt(s) - 0.00%
Penalty Kill
Golden Knights - 3 on 3 Attempt(s) - 100.00%
- Score 0 goal in Penalty Kill
Kings - 4 on 7 Attempt(s) - 57.14%
- Score 0 goal in Penalty Kill
Team Stat
Golden Knights - Hits : 21 - Faceoff Wins : 25 - Blocked Shots : 12 - Penalty Minutes : 6
Kings - Hits : 27 - Faceoff Wins : 27 - Blocked Shots : 8 - Penalty Minutes : 14
Official
Referees : Chris Schlenker and Jean Hebert
Linesman : Mark Shewchyk and Jonny Murray
Game Notes
Tyler Weiman enters game at 9:56 of 2nd period
Finance
Level 1 -- Attendance: 6000 (100.00%) -- Ticket Income $600,000
Level 2 -- Attendance: 4531 (90.62%) -- Ticket Income $271,860
Level 3 -- Attendance: 1882 (94.10%) -- Ticket Income $65,870
Level 4 -- Attendance: 3799 (94.98%) -- Ticket Income $94,975
Luxury Box -- Attendance: 1000 (100.00%) -- Ticket Income $200,000
Game was played at the Staples Center.
Total Attendance: 17212 (95.62%)
Total Ticket Income: $1,232,705
Other Income: $184,906
Total Income: $1,417,611
Golden Knights
5 vs 5 Forward
Center Left Wing Right Wing Time % Phy DF OF
1 Steven Stamkos Roope Hintz Brendan Gallagher 40 1 2 2
2 Andrei Loktionov Jamie Benn Cal Clutterbuck 30 1 2 2
3 Cedric Paquette Andrew Cogliano JT Compher 20 1 2 2
4 Jonathan Marchessault Gabriel Bourque Luke Glendening 10 1 2 2
5 vs 5 Defense
Defense Defense Time % Phy DF OF
1 Zach Bogosian Mathew Dumba 40 1 2 2
2 Olli Maatta Jamie Oleksiak 30 1 2 2
3 Christopher Tanev Anton Lindholm 20 1 2 2
4 Zach Bogosian Mathew Dumba 10 1 2 2
PowerPlay Forward
Center Left Wing Right Wing Time % Phy DF OF
1 Steven Stamkos Andrew Cogliano Brendan Gallagher 60 1 2 2
2 Andrei Loktionov Jamie Benn Cal Clutterbuck 40 1 2 2
PowerPlay Defense
Defense Defense Time % Phy DF OF
1 Zach Bogosian Mathew Dumba 60 1 2 2
2 Olli Maatta Jamie Oleksiak 40 1 2 2
Penalty Kill 4 Players Forward
Center Wing Time % Phy DF OF
1 Steven Stamkos Andrew Cogliano 60 1 2 2
2 Andrei Loktionov Jamie Benn 40 1 2 2
Penalty Kill 4 Players Defense
Defense Defense Time % Phy DF OF
1 Zach Bogosian Mathew Dumba 60 1 2 2
2 Olli Maatta Jamie Oleksiak 40 1 2 2
Penalty Kill - 3 Players Forward
Forward Time % Phy DF OF
1 Steven Stamkos 60 1 2 2
2 Andrei Loktionov 40 1 2 2
Penalty Kill - 3 Players Defense
Defense Defense Time % Phy DF OF
1 Zach Bogosian Mathew Dumba 60 1 2 2
2 Olli Maatta Jamie Oleksiak 40 1 2 2
4 vs 4 Forward
Center Wing Time % Phy DF OF
1 Steven Stamkos Andrew Cogliano 60 1 2 2
2 Andrei Loktionov Jamie Benn 40 1 2 2
4 vs 4 Defense
Defense Defense Time % Phy DF OF
1 Zach Bogosian Mathew Dumba 60 1 2 2
2 Olli Maatta Jamie Oleksiak 40 1 2 2
Last Minutes Offensive
Center Left Wing Right Wing Defense Defense
Steven Stamkos Andrew Cogliano Brendan Gallagher Zach Bogosian Mathew Dumba
Last Minutes Defensive
Center Left Wing Right Wing Defense Defense
Steven Stamkos Andrew Cogliano Brendan Gallagher Zach Bogosian Mathew Dumba
Goaltenders
Starting : Laurent Brossoit
Backup : Ondrej Pavelec
Extra Forwards
Normal : Andrew Cogliano, Jamie Benn, JT Compher - PP : Andrew Cogliano, Jamie Benn - PK : Andrew Cogliano
Extra Defensemen
Normal : Jamie Oleksiak, Christopher Tanev, Anton Lindholm - PP : Jamie Oleksiak - PK : Jamie Oleksiak, Christopher Tanev
Penalty Shots
Steven Stamkos, Brendan Gallagher, Andrei Loktionov, Cal Clutterbuck, Andrew Cogliano
Custom OT Lines Forwards
Steven Stamkos, Brendan Gallagher, Andrei Loktionov, Cal Clutterbuck, Andrew Cogliano, Jamie Benn, JT Compher, Luke Glendening, Gabriel Bourque, Roope Hintz
Custom OT Lines Defensemen
Zach Bogosian, Mathew Dumba, Olli Maatta, Jamie Oleksiak, Christopher Tanev
Scratches
Frederick Gaudreau (Left Wrist Injury), Tomas Nosek (Healthy)
Kings
5 vs 5 Forward
Center Left Wing Right Wing Time % Phy DF OF
1 Brayden Schenn Nikita Kucherov Mitch Marner 35 1 1 3
2 Auston Matthews Nino Niederreiter Matthew Tkachuk 35 2 1 2
3 Pierre-Edouard Bellemare Pavel Zacha Joe Pavelski 29 1 2 2
4 Ryan Getzlaf Zac Rinaldo Matt Martin 1 3 2 0
5 vs 5 Defense
Defense Defense Time % Phy DF OF
1 Kevin Shattenkirk Aaron Ekblad 35 1 3 1
2 Jared Cowen Adam Fox 35 0 2 3
3 Marc Staal Quinn Hughes 30 0 2 3
4 Quinn Hughes Jared Cowen 0 1 2 2
PowerPlay Forward
Center Left Wing Right Wing Time % Phy DF OF
1 Auston Matthews Nikita Kucherov Mitch Marner 60 0 0 5
2 Brayden Schenn Pavel Zacha Matthew Tkachuk 40 0 0 5
PowerPlay Defense
Defense Defense Time % Phy DF OF
1 Quinn Hughes Adam Fox 70 0 1 4
2 Nino Niederreiter Kevin Shattenkirk 30 0 1 4
Penalty Kill 4 Players Forward
Center Wing Time % Phy DF OF
1 Joe Pavelski Matt Martin 60 1 2 2
2 Pierre-Edouard Bellemare Zac Rinaldo 40 1 2 2
Penalty Kill 4 Players Defense
Defense Defense Time % Phy DF OF
1 Marc Staal Jared Cowen 60 1 2 2
2 Kevin Shattenkirk Aaron Ekblad 40 1 2 2
Penalty Kill - 3 Players Forward
Forward Time % Phy DF OF
1 Pierre-Edouard Bellemare 60 1 2 2
2 Joe Pavelski 40 1 2 2
Penalty Kill - 3 Players Defense
Defense Defense Time % Phy DF OF
1 Marc Staal Jared Cowen 60 1 2 2
2 Kevin Shattenkirk Aaron Ekblad 40 1 2 2
4 vs 4 Forward
Center Wing Time % Phy DF OF
1 Brayden Schenn Nikita Kucherov 60 1 2 2
2 Auston Matthews Nino Niederreiter 40 1 2 2
4 vs 4 Defense
Defense Defense Time % Phy DF OF
1 Aaron Ekblad Kevin Shattenkirk 60 1 2 2
2 Jared Cowen Adam Fox 40 1 2 2
Last Minutes Offensive
Center Left Wing Right Wing Defense Defense
Brayden Schenn Nikita Kucherov Mitch Marner Aaron Ekblad Adam Fox
Last Minutes Defensive
Center Left Wing Right Wing Defense Defense
Brayden Schenn Nino Niederreiter Matthew Tkachuk Marc Staal Jared Cowen
Goaltenders
Starting : Ilya Samsonov
Backup : Tyler Weiman
Extra Forwards
Normal : Pierre-Edouard Bellemare, Brayden Schenn, Auston Matthews - PP : Matt Martin, Joe Pavelski - PK : Brayden Schenn
Extra Defensemen
Normal : Aaron Ekblad, Jared Cowen, Marc Staal - PP : Aaron Ekblad - PK : Adam Fox, Quinn Hughes
Penalty Shots
Nikita Kucherov, Auston Matthews, Matt Martin, Brayden Schenn, Pavel Zacha
Custom OT Lines Forwards
Nino Niederreiter, Nikita Kucherov, Brayden Schenn, Auston Matthews, Joe Pavelski, Matt Martin, Pierre-Edouard Bellemare, Mitch Marner, Pavel Zacha, Matthew Tkachuk
Custom OT Lines Defensemen
Kevin Shattenkirk, Jared Cowen, Aaron Ekblad, Marc Staal, Adam Fox
Scratches
Jared Spurgeon (Healthy)
% Time on Ice - Golden Knights
Lines # - Real PCT - Wanted PCT - Time Play
Normal Forward
1 - 33% - 40% - 15:24
2 - 26% - 30% - 12:06
3 - 23% - 20% - 10:32
4 - 17% - 10% - 8:00
Normal Defense
1 - 38% - 40% - 17:40
2 - 34% - 30% - 15:41
3 - 25% - 20% - 11:38
4 - 2% - 10% - 1:03
PP Forward
1 - 56% - 60% - 4:31
2 - 44% - 40% - 3:30
PP Defense
1 - 64% - 60% - 5:06
2 - 36% - 40% - 2:55
PK Forward
1 - 89% - 60% - 5:17
2 - 11% - 40% - 0:40
PK Defense
1 - 64% - 60% - 3:47
2 - 36% - 40% - 2:10
PK3 Forward
1 - 0% - 60%
2 - 0% - 40%
PK3 Defense
1 - 0% - 60%
2 - 0% - 40%
44 Forward
1 - 0% - 60%
2 - 0% - 40%
44 Defense
1 - 0% - 60%
2 - 0% - 40%
Last Minute Offensive - 0:00
Last Minute Defensive - 0:00
Total
Forward - 60:00
Defense - 60:00
|
% Time on Ice - Kings
Lines # - Real PCT - Wanted PCT - Time Play
Normal Forward
1 - 31% - 35% - 14:18
2 - 30% - 35% - 13:43
3 - 24% - 29% - 10:57
4 - 15% - 1% - 7:04
Normal Defense
1 - 35% - 35% - 15:53
2 - 37% - 35% - 17:09
3 - 28% - 30% - 13:00
4 - 0% - 0% - 0:00
PP Forward
1 - 56% - 60% - 3:21
2 - 44% - 40% - 2:36
PP Defense
1 - 59% - 70% - 3:32
2 - 41% - 30% - 2:25
PK Forward
1 - 74% - 60% - 5:57
2 - 26% - 40% - 2:04
PK Defense
1 - 58% - 60% - 4:39
2 - 42% - 40% - 3:22
PK3 Forward
1 - 0% - 60%
2 - 0% - 40%
PK3 Defense
1 - 0% - 60%
2 - 0% - 40%
44 Forward
1 - 0% - 60%
2 - 0% - 40%
44 Defense
1 - 0% - 60%
2 - 0% - 40%
Last Minute Offensive - 0:00
Last Minute Defensive - 0:00
Total
Forward - 60:00
Defense - 60:00
|
Play-by-Play
1st period
0:01 of 1st period - Brayden Schenn wins face-off versus Steven Stamkos in neutral zone.
0:04 of 1st period - Brendan Gallagher is hit by Aaron Ekblad and loses puck.
0:36 of 1st period - Slapshot by Joe Pavelski.
0:36 of 1st period - Shot Blocked by Olli Maatta.
0:38 of 1st period - Wrist shot by Pavel Zacha.
0:38 of 1st period - Stopped by Laurent Brossoit without a rebound.
0:39 of 1st period - Nino Niederreiter wins face-off versus Andrei Loktionov in Golden Knights zone.
0:40 of 1st period - Wrist shot by Matthew Tkachuk.
0:40 of 1st period - Stopped by Laurent Brossoit with a rebound.
0:48 of 1st period - Snap shot by Jamie Benn.
0:48 of 1st period - Stopped by Ilya Samsonov without a rebound.
0:49 of 1st period - Jamie Benn wins face-off versus Matthew Tkachuk in Kings zone.
0:50 of 1st period - Wrist shot by Andrei Loktionov.
0:50 of 1st period - Shot Misses the Net.
0:52 of 1st period - Slapshot by Christopher Tanev.
0:52 of 1st period - Stopped by Ilya Samsonov without a rebound.
0:53 of 1st period - Auston Matthews wins face-off versus Cedric Paquette in Kings zone.
1:18 of 1st period - Cal Clutterbuck is hit by Pavel Zacha and loses puck.
1:27 of 1st period - Pierre-Edouard Bellemare is hit by Mathew Dumba and loses puck.
2:14 of 1st period - Snap shot by Ryan Getzlaf.
2:14 of 1st period - Shot Blocked by Steven Stamkos.
2:24 of 1st period - Slapshot by Steven Stamkos.
2:24 of 1st period - Stopped by Ilya Samsonov with a rebound.
2:26 of 1st period - Slapshot by Olli Maatta.
2:26 of 1st period - Stopped by Ilya Samsonov without a rebound.
2:27 of 1st period - Cedric Paquette wins face-off versus Matthew Tkachuk in Kings zone.
2:28 of 1st period - Snap shot by JT Compher.
2:28 of 1st period - Shot Misses the Net.
2:38 of 1st period - Wrist shot by Cedric Paquette.
2:38 of 1st period - Shot Misses the Net.
2:59 of 1st period - Snap shot by Brayden Schenn.
2:59 of 1st period - Shot Misses the Net.
3:01 of 1st period - Slapshot by Aaron Ekblad.
3:01 of 1st period - Stopped by Laurent Brossoit with a rebound.
3:03 of 1st period - Wrist shot by Mitch Marner.
3:03 of 1st period - Stopped by Laurent Brossoit with a rebound.
3:05 of 1st period - Snap shot by Mitch Marner.
3:05 of 1st period - Shot Blocked by Cal Clutterbuck.
3:21 of 1st period - Christopher Tanev is hit by Matt Martin.
3:27 of 1st period - Wrist shot by Matt Martin.
3:27 of 1st period - Shot Misses the Net.
4:03 of 1st period - Wrist shot by Nikita Kucherov.
4:03 of 1st period - Stopped by Laurent Brossoit without a rebound.
4:04 of 1st period - Steven Stamkos wins face-off versus Brayden Schenn in Golden Knights zone.
6:16 of 1st period - Slapshot by Steven Stamkos.
6:16 of 1st period - Stopped by Ilya Samsonov without a rebound.
6:17 of 1st period - Pierre-Edouard Bellemare wins face-off versus Steven Stamkos in Kings zone.
6:37 of 1st period - Wrist shot by Steven Stamkos.
6:37 of 1st period - Shot Misses the Net.
6:44 of 1st period - Icing by Joe Pavelski.
6:45 of 1st period - Andrei Loktionov wins face-off versus Joe Pavelski in Kings zone.
7:01 of 1st period - Minor Penalty to Kevin Shattenkirk for Hooking.
7:02 of 1st period - Steven Stamkos wins face-off versus Joe Pavelski in Kings zone.
7:04 of 1st period - Snap shot by Steven Stamkos.
7:04 of 1st period - Shot Blocked by Jared Cowen.
7:06 of 1st period - Slapshot by Zach Bogosian.
7:06 of 1st period - Shot Blocked by Jared Cowen.
7:08 of 1st period - Slapshot by Zach Bogosian.
7:08 of 1st period - Shot Blocked by Joe Pavelski.
7:10 of 1st period - Slapshot by Zach Bogosian.
7:10 of 1st period - Deflect By Joe Pavelski.
7:10 of 1st period - Stopped by Ilya Samsonov without a rebound.
7:11 of 1st period - Joe Pavelski wins face-off versus Steven Stamkos in Kings zone.
7:33 of 1st period - Slapshot by Zach Bogosian.
7:33 of 1st period - Stopped by Ilya Samsonov without a rebound.
7:34 of 1st period - Joe Pavelski wins face-off versus Andrei Loktionov in Kings zone.
7:57 of 1st period - Cal Clutterbuck is hit by Marc Staal.
8:13 of 1st period - Snap shot by Steven Stamkos.
8:13 of 1st period - Stopped by Ilya Samsonov without a rebound.
8:14 of 1st period - Steven Stamkos wins face-off versus Joe Pavelski in Kings zone.
8:39 of 1st period - Zac Rinaldo is hit by Mathew Dumba and loses puck.
8:44 of 1st period - Wrist shot by Andrei Loktionov.
8:44 of 1st period - Stopped by Ilya Samsonov with a rebound.
8:46 of 1st period - Wrist shot by Cal Clutterbuck.
8:46 of 1st period - Goal by Cal Clutterbuck - Golden Knights : 1 - Kings : 0.
8:47 of 1st period - Steven Stamkos wins face-off versus Auston Matthews in neutral zone.
9:14 of 1st period - Joe Pavelski is hit by Andrei Loktionov and loses puck.
9:40 of 1st period - Mitch Marner is hit by Andrew Cogliano and loses puck.
10:06 of 1st period - Jonathan Marchessault is hit by Auston Matthews and loses puck.
10:25 of 1st period - Wrist shot by Ryan Getzlaf.
10:25 of 1st period - Shot Misses the Net.
10:27 of 1st period - Snap shot by Aaron Ekblad.
10:27 of 1st period - Stopped by Laurent Brossoit without a rebound.
10:28 of 1st period - Steven Stamkos wins face-off versus Pierre-Edouard Bellemare in Golden Knights zone.
10:59 of 1st period - Slapshot by Jamie Benn.
10:59 of 1st period - Shot Blocked by Jared Cowen.
11:01 of 1st period - Wrist shot by Cal Clutterbuck.
11:01 of 1st period - Stopped by Ilya Samsonov without a rebound.
11:02 of 1st period - Steven Stamkos wins face-off versus Auston Matthews in Kings zone.
11:05 of 1st period - Wrist shot by Brendan Gallagher.
11:05 of 1st period - Shot Blocked by Nino Niederreiter.
11:07 of 1st period - Snap shot by Brendan Gallagher.
11:07 of 1st period - Stopped by Ilya Samsonov without a rebound.
11:08 of 1st period - Auston Matthews wins face-off versus Steven Stamkos in Kings zone.
11:08 of 1st period - Auston Matthews is hit by Zach Bogosian.
11:14 of 1st period - Steven Stamkos is hit by Nino Niederreiter and loses puck.
11:42 of 1st period - Slapshot by Brayden Schenn.
11:42 of 1st period - Stopped by Laurent Brossoit with a rebound.
12:00 of 1st period - Snap shot by Andrew Cogliano.
12:00 of 1st period - Shot Misses the Net.
12:14 of 1st period - Nino Niederreiter is hit by Jamie Oleksiak and loses puck.
12:37 of 1st period - Anton Lindholm is hit by Aaron Ekblad and loses puck.
13:04 of 1st period - Snap shot by Nikita Kucherov.
13:04 of 1st period - Shot Blocked by Christopher Tanev.
13:06 of 1st period - Slapshot by Adam Fox.
13:06 of 1st period - Stopped by Laurent Brossoit with a rebound.
13:08 of 1st period - Slapshot by Adam Fox.
13:08 of 1st period - Shot Misses the Net.
13:40 of 1st period - Wrist shot by Auston Matthews.
13:40 of 1st period - Stopped by Laurent Brossoit without a rebound.
13:41 of 1st period - Auston Matthews wins face-off versus Jonathan Marchessault in Golden Knights zone.
13:44 of 1st period - Wrist shot by Auston Matthews.
13:44 of 1st period - Goal by Auston Matthews - Golden Knights : 1 - Kings : 1.
13:45 of 1st period - Steven Stamkos wins face-off versus Auston Matthews in neutral zone.
14:20 of 1st period - Snap shot by Andrew Cogliano.
14:20 of 1st period - Stopped by Ilya Samsonov with a rebound.
14:22 of 1st period - Slapshot by JT Compher.
14:22 of 1st period - Deflect By Andrew Cogliano.
14:22 of 1st period - Goal by Andrew Cogliano - Golden Knights : 2 - Kings : 1.
14:23 of 1st period - Steven Stamkos wins face-off versus Brayden Schenn in neutral zone.
14:38 of 1st period - Wrist shot by Nikita Kucherov.
14:38 of 1st period - Stopped by Laurent Brossoit without a rebound.
14:39 of 1st period - Andrei Loktionov wins face-off versus Nino Niederreiter in Golden Knights zone.
14:46 of 1st period - Wrist shot by Matthew Tkachuk.
14:46 of 1st period - Stopped by Laurent Brossoit with a rebound.
14:48 of 1st period - Slapshot by Jared Cowen.
14:48 of 1st period - Shot Misses the Net.
15:04 of 1st period - Pierre-Edouard Bellemare is hit by Mathew Dumba and loses puck.
15:18 of 1st period - Minor Penalty to Joe Pavelski for Tripping.
15:19 of 1st period - Brayden Schenn wins face-off versus Steven Stamkos in Kings zone.
16:27 of 1st period - Aaron Ekblad is hit by Cal Clutterbuck and loses puck.
17:18 of 1st period - Penalty to Joe Pavelski is over, Joe Pavelski is back on ice.
17:40 of 1st period - Gabriel Bourque is hit by Matthew Tkachuk and loses puck.
19:07 of 1st period - Olli Maatta is hit by Kevin Shattenkirk and loses puck.
19:26 of 1st period - Pavel Zacha is hit by JT Compher and loses puck.
19:37 of 1st period - Matthew Tkachuk is hit by Jamie Benn and loses puck.
Goals for this period are 2 for Golden Knights vs 1 for Kings.
Shots for this period are 14 for Golden Knights vs 12 for Kings.
2nd period
0:01 of 2nd period - Steven Stamkos wins face-off versus Brayden Schenn in neutral zone.
0:47 of 2nd period - Slapshot by Aaron Ekblad.
0:47 of 2nd period - Stopped by Laurent Brossoit with a rebound.
1:35 of 2nd period - Snap shot by Gabriel Bourque.
1:35 of 2nd period - Stopped by Ilya Samsonov with a rebound.
1:51 of 2nd period - Auston Matthews is hit by Anton Lindholm and loses puck.
2:17 of 2nd period - Christopher Tanev is hit by Joe Pavelski and loses puck.
2:42 of 2nd period - Steven Stamkos is hit by Aaron Ekblad and loses puck.
3:04 of 2nd period - Snap shot by Ryan Getzlaf.
3:04 of 2nd period - Shot Blocked by Jonathan Marchessault.
3:17 of 2nd period - Minor Penalty to Matthew Tkachuk for Hooking.
3:18 of 2nd period - Joe Pavelski wins face-off versus Steven Stamkos in Kings zone.
3:33 of 2nd period - Snap shot by Brendan Gallagher.
3:33 of 2nd period - Shot Misses the Net.
3:35 of 2nd period - Slapshot by Steven Stamkos.
3:35 of 2nd period - Goal by Steven Stamkos - Golden Knights : 3 - Kings : 1.
3:36 of 2nd period - Brayden Schenn wins face-off versus Roope Hintz in neutral zone.
4:03 of 2nd period - Cal Clutterbuck is hit by Kevin Shattenkirk and loses puck.
4:10 of 2nd period - Snap shot by Matthew Tkachuk.
4:10 of 2nd period - Stopped by Laurent Brossoit with a rebound.
4:46 of 2nd period - Snap shot by Pierre-Edouard Bellemare.
4:46 of 2nd period - Stopped by Laurent Brossoit with a rebound.
4:52 of 2nd period - Slapshot by Quinn Hughes.
4:52 of 2nd period - Stopped by Laurent Brossoit with a rebound.
4:54 of 2nd period - Snap shot by Pavel Zacha.
4:54 of 2nd period - Stopped by Laurent Brossoit with a rebound.
4:56 of 2nd period - Slapshot by Marc Staal.
4:56 of 2nd period - Shot Blocked by Jamie Oleksiak.
4:58 of 2nd period - Backhand shot by Marc Staal.
4:58 of 2nd period - Stopped by Laurent Brossoit without a rebound.
4:59 of 2nd period - Steven Stamkos wins face-off versus Brayden Schenn in Golden Knights zone.
5:11 of 2nd period - Minor Penalty to Brendan Gallagher for High sticking.
5:12 of 2nd period - Auston Matthews wins face-off versus Steven Stamkos in Golden Knights zone.
5:16 of 2nd period - Wrist shot by Quinn Hughes.
5:16 of 2nd period - Shot Blocked by Andrew Cogliano.
5:18 of 2nd period - Slapshot by Adam Fox.
5:18 of 2nd period - Shot Blocked by Steven Stamkos.
5:24 of 2nd period - Snap shot by Nikita Kucherov.
5:24 of 2nd period - Shot Blocked by Zach Bogosian.
6:01 of 2nd period - Pavel Zacha is hit by Andrei Loktionov and loses puck.
7:01 of 2nd period - Kevin Shattenkirk is hit by Cedric Paquette and loses puck.
7:11 of 2nd period - Penalty to Brendan Gallagher is over, Brendan Gallagher is back on ice.
7:20 of 2nd period - Matt Martin is hit by Christopher Tanev.
7:44 of 2nd period - Minor Penalty to Andrew Cogliano for Roughing.
7:45 of 2nd period - Steven Stamkos wins face-off versus Auston Matthews in Golden Knights zone.
7:56 of 2nd period - Snap shot by Adam Fox.
7:56 of 2nd period - Stopped by Laurent Brossoit without a rebound.
7:57 of 2nd period - Steven Stamkos wins face-off versus Auston Matthews in Golden Knights zone.
8:10 of 2nd period - Slapshot by Quinn Hughes.
8:10 of 2nd period - Stopped by Laurent Brossoit with a rebound.
8:12 of 2nd period - Wrist shot by Nikita Kucherov.
8:12 of 2nd period - Stopped by Laurent Brossoit with a rebound.
8:24 of 2nd period - Zach Bogosian is hit by Brayden Schenn and loses puck.
8:43 of 2nd period - Snap shot by Steven Stamkos.
8:43 of 2nd period - Stopped by Ilya Samsonov with a rebound.
9:44 of 2nd period - Penalty to Andrew Cogliano is over, Andrew Cogliano is back on ice.
9:49 of 2nd period - Cedric Paquette is hit by Ryan Getzlaf and loses puck.
9:55 of 2nd period - Minor Penalty to Kevin Shattenkirk for Roughing.
9:56 of 2nd period - Steven Stamkos wins face-off versus Joe Pavelski in Kings zone.
9:56 of 2nd period - Slapshot by Zach Bogosian.
9:56 of 2nd period - Goal by Zach Bogosian - Golden Knights : 4 - Kings : 1.
9:56 of 2nd period - Tyler Weiman enters game.
9:57 of 2nd period - Auston Matthews wins face-off versus Steven Stamkos in neutral zone.
10:04 of 2nd period - Wrist shot by Auston Matthews.
10:04 of 2nd period - Stopped by Laurent Brossoit with a rebound.
10:27 of 2nd period - Slapshot by Adam Fox.
10:27 of 2nd period - Stopped by Laurent Brossoit with a rebound.
11:53 of 2nd period - Minor Penalty to Ryan Getzlaf for Interference.
11:54 of 2nd period - Steven Stamkos wins face-off versus Joe Pavelski in Kings zone.
12:00 of 2nd period - Snap shot by Steven Stamkos.
12:00 of 2nd period - Deflect By Kevin Shattenkirk.
12:00 of 2nd period - Stopped by Tyler Weiman with a rebound.
12:02 of 2nd period - Slapshot by Zach Bogosian.
12:02 of 2nd period - Shot Blocked by Aaron Ekblad.
12:04 of 2nd period - Slapshot by Andrew Cogliano.
12:04 of 2nd period - Shot Misses the Net.
12:06 of 2nd period - Slapshot by Steven Stamkos.
12:06 of 2nd period - Stopped by Tyler Weiman with a rebound.
12:20 of 2nd period - Jamie Benn is hit by Pierre-Edouard Bellemare and loses puck.
13:53 of 2nd period - Penalty to Ryan Getzlaf is over, Ryan Getzlaf is back on ice.
14:11 of 2nd period - Luke Glendening is hit by Nino Niederreiter and loses puck.
14:16 of 2nd period - Snap shot by Nino Niederreiter.
14:16 of 2nd period - Stopped by Laurent Brossoit with a rebound.
14:30 of 2nd period - Mitch Marner is hit by JT Compher and loses puck.
14:56 of 2nd period - Cal Clutterbuck is hit by Auston Matthews and loses puck.
15:45 of 2nd period - Slapshot by Marc Staal.
15:45 of 2nd period - Shot Misses the Net.
16:11 of 2nd period - Snap shot by Ryan Getzlaf.
16:11 of 2nd period - Stopped by Laurent Brossoit without a rebound.
16:12 of 2nd period - Cedric Paquette wins face-off versus Auston Matthews in Golden Knights zone.
16:21 of 2nd period - Wrist shot by JT Compher.
16:21 of 2nd period - Shot Blocked by Kevin Shattenkirk.
17:07 of 2nd period - Brendan Gallagher is hit by Pavel Zacha and loses puck.
17:26 of 2nd period - Wrist shot by Auston Matthews.
17:26 of 2nd period - Shot Blocked by Luke Glendening.
17:29 of 2nd period - Icing by Zach Bogosian.
17:30 of 2nd period - Brayden Schenn wins face-off versus Jonathan Marchessault in Golden Knights zone.
17:31 of 2nd period - Wrist shot by Nikita Kucherov.
17:31 of 2nd period - Stopped by Laurent Brossoit without a rebound.
17:32 of 2nd period - Brayden Schenn wins face-off versus Steven Stamkos in Golden Knights zone.
17:39 of 2nd period - Snap shot by Steven Stamkos.
17:39 of 2nd period - Stopped by Tyler Weiman with a rebound.
18:38 of 2nd period - Icing by Joe Pavelski.
18:39 of 2nd period - Pierre-Edouard Bellemare wins face-off versus Jonathan Marchessault in Kings zone.
19:12 of 2nd period - Wrist shot by Nino Niederreiter.
19:12 of 2nd period - Stopped by Laurent Brossoit with a rebound.
19:14 of 2nd period - Slapshot by Marc Staal.
19:14 of 2nd period - Stopped by Laurent Brossoit with a rebound.
19:16 of 2nd period - Wrist shot by Marc Staal.
19:16 of 2nd period - Stopped by Laurent Brossoit with a rebound.
19:18 of 2nd period - Slapshot by Matthew Tkachuk.
19:18 of 2nd period - Shot Misses the Net.
19:46 of 2nd period - Icing by Jamie Benn.
19:47 of 2nd period - Ryan Getzlaf wins face-off versus Andrei Loktionov in Golden Knights zone.
Goals for this period are 2 for Golden Knights vs 0 for Kings.
Shots for this period are 7 for Golden Knights vs 17 for Kings.
3rd period
0:01 of 3rd period - Steven Stamkos wins face-off versus Brayden Schenn in neutral zone.
0:12 of 3rd period - Snap shot by Steven Stamkos.
0:12 of 3rd period - Deflect By Brendan Gallagher.
0:12 of 3rd period - Stopped by Tyler Weiman without a rebound.
0:13 of 3rd period - Steven Stamkos wins face-off versus Auston Matthews in Kings zone.
0:16 of 3rd period - Snap shot by Steven Stamkos.
0:16 of 3rd period - Deflect By Brendan Gallagher.
0:16 of 3rd period - Stopped by Tyler Weiman without a rebound.
0:17 of 3rd period - Auston Matthews wins face-off versus Steven Stamkos in Kings zone.
0:30 of 3rd period - Mathew Dumba is hit by Nino Niederreiter and loses puck.
0:49 of 3rd period - Slapshot by Matthew Tkachuk.
0:49 of 3rd period - Shot Misses the Net.
1:19 of 3rd period - Kevin Shattenkirk is hit by Zach Bogosian and loses puck.
1:32 of 3rd period - Wrist shot by Brendan Gallagher.
1:32 of 3rd period - Stopped by Tyler Weiman without a rebound.
1:33 of 3rd period - Andrei Loktionov wins face-off versus Brayden Schenn in Kings zone.
1:40 of 3rd period - Wrist shot by Jamie Benn.
1:40 of 3rd period - Stopped by Tyler Weiman with a rebound.
1:42 of 3rd period - Wrist shot by Cal Clutterbuck.
1:42 of 3rd period - Stopped by Tyler Weiman without a rebound.
1:43 of 3rd period - Brayden Schenn wins face-off versus Andrei Loktionov in Kings zone.
1:49 of 3rd period - Icing by Jamie Benn.
1:50 of 3rd period - Brayden Schenn wins face-off versus Andrei Loktionov in Golden Knights zone.
2:09 of 3rd period - Wrist shot by Cal Clutterbuck.
2:09 of 3rd period - Stopped by Tyler Weiman without a rebound.
2:10 of 3rd period - Pierre-Edouard Bellemare wins face-off versus Cedric Paquette in Kings zone.
2:44 of 3rd period - Snap shot by Brayden Schenn.
2:44 of 3rd period - Stopped by Laurent Brossoit with a rebound.
3:50 of 3rd period - Minor Penalty to Andrew Cogliano for Interference.
3:51 of 3rd period - Steven Stamkos wins face-off versus Auston Matthews in Golden Knights zone.
3:56 of 3rd period - Icing by Nino Niederreiter.
3:57 of 3rd period - Steven Stamkos wins face-off versus Auston Matthews in Kings zone.
4:51 of 3rd period - Olli Maatta is hit by Nikita Kucherov.
5:50 of 3rd period - Penalty to Andrew Cogliano is over, Andrew Cogliano is back on ice.
6:07 of 3rd period - Icing by Kevin Shattenkirk.
6:08 of 3rd period - Ryan Getzlaf wins face-off versus Steven Stamkos in Kings zone.
6:33 of 3rd period - Slapshot by Ryan Getzlaf.
6:33 of 3rd period - Stopped by Laurent Brossoit with a rebound.
6:59 of 3rd period - Snap shot by Zac Rinaldo.
6:59 of 3rd period - Stopped by Laurent Brossoit without a rebound.
7:00 of 3rd period - Andrei Loktionov wins face-off versus Brayden Schenn in Golden Knights zone.
7:00 of 3rd period - Andrei Loktionov is hit by Brayden Schenn.
7:07 of 3rd period - Minor Penalty to Nikita Kucherov for Roughing.
7:08 of 3rd period - Joe Pavelski wins face-off versus Andrei Loktionov in Kings zone.
7:32 of 3rd period - Marc Staal is hit by Andrew Cogliano and loses puck.
7:51 of 3rd period - Slapshot by Jared Cowen.
7:51 of 3rd period - Shot Blocked by Olli Maatta.
9:07 of 3rd period - Penalty to Nikita Kucherov is over, Nikita Kucherov is back on ice.
9:39 of 3rd period - Cedric Paquette is hit by Nikita Kucherov and loses puck.
9:44 of 3rd period - Snap shot by Nikita Kucherov.
9:44 of 3rd period - Shot Blocked by Cedric Paquette.
10:23 of 3rd period - Luke Glendening is hit by Auston Matthews and loses puck.
10:47 of 3rd period - Jamie Benn is hit by Joe Pavelski.
11:45 of 3rd period - Andrei Loktionov is hit by Adam Fox and loses puck.
12:01 of 3rd period - Snap shot by Andrei Loktionov.
12:01 of 3rd period - Stopped by Tyler Weiman with a rebound.
12:15 of 3rd period - Snap shot by Andrei Loktionov.
12:15 of 3rd period - Shot Misses the Net.
12:17 of 3rd period - Wrist shot by Andrei Loktionov.
12:17 of 3rd period - Shot Misses the Net.
12:19 of 3rd period - Snap shot by Jamie Benn.
12:19 of 3rd period - Shot Misses the Net.
12:27 of 3rd period - Snap shot by Jamie Benn.
12:27 of 3rd period - Deflect By Andrei Loktionov.
12:27 of 3rd period - Goal by Andrei Loktionov - Golden Knights : 5 - Kings : 1.
12:28 of 3rd period - Brayden Schenn wins face-off versus Steven Stamkos in neutral zone.
12:37 of 3rd period - Snap shot by Brayden Schenn.
12:37 of 3rd period - Stopped by Laurent Brossoit with a rebound.
13:35 of 3rd period - Slapshot by Anton Lindholm.
13:35 of 3rd period - Stopped by Tyler Weiman with a rebound.
14:19 of 3rd period - Jamie Benn is hit by Brayden Schenn.
14:23 of 3rd period - Aaron Ekblad is hit by Jamie Benn and loses puck.
14:38 of 3rd period - Pierre-Edouard Bellemare is hit by Mathew Dumba.
14:54 of 3rd period - Slapshot by Zach Bogosian.
14:54 of 3rd period - Shot Blocked by Quinn Hughes.
16:57 of 3rd period - Pavel Zacha is hit by Brendan Gallagher and loses puck.
17:37 of 3rd period - Icing by Olli Maatta.
17:38 of 3rd period - Brayden Schenn wins face-off versus Andrew Cogliano in Golden Knights zone.
17:39 of 3rd period - Slapshot by Nikita Kucherov.
17:39 of 3rd period - Shot Misses the Net.
17:41 of 3rd period - Wrist shot by Nikita Kucherov.
17:41 of 3rd period - Shot Misses the Net.
18:01 of 3rd period - Kevin Shattenkirk is hit by Olli Maatta and loses puck.
18:15 of 3rd period - Snap shot by JT Compher.
18:15 of 3rd period - Stopped by Tyler Weiman with a rebound.
18:31 of 3rd period - Snap shot by JT Compher.
18:31 of 3rd period - Stopped by Tyler Weiman with a rebound.
18:33 of 3rd period - Slapshot by Jamie Oleksiak.
18:33 of 3rd period - Shot Misses the Net.
18:45 of 3rd period - Snap shot by Andrew Cogliano.
18:45 of 3rd period - Stopped by Tyler Weiman with a rebound.
19:01 of 3rd period - Snap shot by Andrew Cogliano.
19:01 of 3rd period - Stopped by Tyler Weiman without a rebound.
19:02 of 3rd period - Auston Matthews wins face-off versus Steven Stamkos in Kings zone.
19:15 of 3rd period - Wrist shot by Steven Stamkos.
19:15 of 3rd period - Stopped by Tyler Weiman without a rebound.
19:16 of 3rd period - Pierre-Edouard Bellemare wins face-off versus Steven Stamkos in Kings zone.
19:43 of 3rd period - Jamie Benn is hit by Auston Matthews and loses puck.
Goals for this period are 1 for Golden Knights vs 0 for Kings.
Shots for this period are 14 for Golden Knights vs 4 for Kings.
0:00 - Minor Penalty to Jared Cowen for Tripping.